 Dungeon Crawl Stone Soup version 0.17-a0-2073-gde5cdba (webtiles) character file.

230 brucemayne the Chopper (level 5, -1/61 HPs)
             Began as a Demonspawn Berserker on Oct 15, 2015.
             Was a Believer of Trog.
             Slain by an orc warrior
             ... wielding a +0 trident
              (10 damage)
             ... on level 4 of the Dungeon.
             The game lasted 00:03:24 (637 turns).

brucemayne the Chopper (Demonspawn Berserker)        Turns: 637, Time: 00:03:24

Health: -1/61      AC:  5    Str: 24    XL:     5   Next: 72%
Magic:  5/5        EV: 16    Int: 13    God:    Trog [**....]
Gold:   77         SH:  0    Dex: 17    Spells: 0 memorised, 4 levels left

rFire  . . .     SeeInvis .     m - +2 hand axe (freeze)
rCold  . . .     Clarity  .     d - +0 ring mail
rNeg   . . .     SustAt   .     (no shield)
rPois  .         Gourm    .     (no helmet)
rElec  .         Spirit   .     (no cloak)
rCorr  .         Warding  .     (no gloves)
rMut   .         Stasis   .     (no boots)
MR     ++...                    (no amulet)
Stlth  ..........               (no ring)
                                (no ring)

@: brilliant, agile, berserking (expiring), lethally poisoned (-1 -> -1),
regenerating, very quick, very resistant to hostile enchantments, extremely
unstealthy
A: nightstalker 2, powered by pain 1
a: Burn Spellbooks, Berserk, Trog's Hand, Renounce Religion


You were on level 4 of the Dungeon.
You worshipped Trog.
Trog was pleased with you.
You were very hungry.

You visited 1 branch of the dungeon, and saw 4 of its levels.

You collected 77 gold pieces.

Inventory:

Hand Weapons
 a - a +0 hand axe
 m - a +2 hand axe of freezing (weapon)
Missiles
 h - 12 stones (quivered)
Armour
 b - a +0 animal skin
 d - a +0 ring mail (worn)
Scrolls
 f - 2 scrolls of teleportation {unknown}
 g - 2 scrolls of random uselessness {unknown}
 j - a scroll of magic mapping {unknown}
 k - 2 scrolls of remove curse {unknown}
Comestibles
 c - a bread ration
 i - a beef jerky


   Skills:
 - Level 3.0 Fighting
 + Level 5.9 Axes
 - Level 1.7 Armour
 - Level 1.7 Dodging


You had 4 spell levels left.
You didn't know any spells.

Dungeon Overview and Level Annotations

Branches:
Dungeon (4/15)
 Temple: D:4-7

Altars:


Innate Abilities, Weirdness & Mutations

You are significantly more attuned to the shadows.
You sometimes gain a little power by taking damage.


Message History

You slash the ball python! You freeze the ball python.
You kill the ball python!
Trog accepts your kill. The orc warrior closely misses you.
You closely miss the orc warrior. You slash the worm! You freeze the worm.
You kill the worm!
Trog accepts your kill.
Unknown command.
You hit the orc warrior. You freeze the orc warrior.
The orc warrior is moderately wounded.
You feel sick. The orc warrior closely misses you.
Unknown command.
You closely miss the orc warrior.
The orc warrior is moderately wounded.
The phantom blinks!
Unknown command.
You slash the orc warrior! You freeze the orc warrior.
The orc warrior is heavily wounded.
The orc warrior hits you with a trident!
You die...

#..<...#.
####...#
##.## #.#
#.# #.#
#W# #.#
#@#
#...o....
#........
#........
#........
#........


You could see a phantom and an orc warrior.

Vanquished Creatures
  Blork the orc (D:4)
  Ijyb (D:2)
  An orc wizard (D:4)
  A hound (D:4)
  A worker ant (D:4)
  3 adders
  A worm (D:4)
  A giant gecko (D:2)
  An orc (D:4)
  7 goblins
  5 kobolds
  3 ball pythons
  5 bats
  A giant newt (D:2)
  2 jackals (D:1)
  2 rats (D:1)
36 creatures vanquished.

Notes
Turn   | Place    | Note
--------------------------------------------------------------
     0 | D:1      | brucemayne the Demonspawn Berserker began the quest for the Orb.
     0 | D:1      | Reached XP level 1. HP: 18/18 MP: 1/1
   171 | D:1      | Gained mutation: You sometimes gain a little power by taking damage. [demonic ancestry]
   171 | D:1      | Reached XP level 2. HP: 21/24 MP: 2/2
   270 | D:2      | Noticed Ijyb
   305 | D:2      | Killed Ijyb
   305 | D:2      | Reached skill level 4 in Axes
   305 | D:2      | Reached XP level 3. HP: 19/29 MP: 3/3
   373 | D:1      | Reached ** piety under Trog
   472 | D:3      | Found a faded altar to an unknown god.
   495 | D:3      | Gained mutation: You are slightly more attuned to the shadows. [demonic ancestry]
   495 | D:3      | Reached XP level 4. HP: 27/35 MP: 4/4
   531 | D:4      | Noticed Blork the orc
   531 | D:4      | Noticed a phantom
   539 | D:4      | Killed Blork the orc
   539 | D:4      | Reached skill level 5 in Axes
   543 | D:4      | Gained mutation: You are significantly more attuned to the shadows. [demonic ancestry]
   543 | D:4      | Reached XP level 5. HP: 21/41 MP: 5/5
   617 | D:4      | Noticed an orc warrior
   637 | D:4      | Slain by an orc warrior

Vault maps used:
D:1:      minmay_arrival_hallway
D:2:      lemuel_doored_altar, nemelex_dance_club_becter, uniq_iyjb
D:3:      first_bread, ecumenical_altar_1, minmay_liquid_box
D:4:      trog_hazing_becter, uniq_robin, uniq_blork_the_orc, uniq_pikel,
          uniq_grinder

Action                   |  1- 3 |  4- 6 || total
-------------------------+-------+-------++-------
Melee: Hand axe          |    92 |    36 ||   128
Invok: Berserk           |     1 |     2 ||     3
       Trog's Hand       |     1 |     2 ||     3
  Use: Potion            |     2 |     2 ||     4
  Eat: Chunk             |       |     1 ||     1
